 Dungeon Crawl Stone Soup version 0.32-a0-893-gf85d74f360 (webtiles) character file.

Game seed: 11324070015626691871

52 Heh the Slasher (level 3, -5/29 HPs)
             Began as a Coglin Berserker on Apr 3, 2024.
             Was a Believer of Trog.
             Slain by a gnoll
             ... wielding a +0 club
              (8 damage)
             ... on level 2 of the Dungeon.
             The game lasted 00:02:01 (1259 turns).

Heh the Slasher (Coglin Berserker)                  Turns: 1259, Time: 00:02:01

Health: -5/29      AC:  5    Str: 17    XL:     3   Next: 85%
Magic:  3/3        EV: 10    Int:  6    God:    Trog [**....]
Gold:   76         SH:  0    Dex: 15    Spells: 2/2 levels left

rFire   . . .        a - +0 falchion {Anacleto}
rCold   . . .        c - +0 dagger {Ingrid}
rNeg    . . .        e - +0 ring mail
rPois   .            (no helmet)
rElec   .            (no cloak)
rCorr   .            (no gloves)
SInv    .            (no boots)
Will    .....        (amulet unavailable)
Stlth   +            (ring unavailable)
HPRegen 0.24/turn    (ring unavailable)
MPRegen 0.08/turn    (no gizmo)

%: no passive effects
@: revving
A: off-hand wielding, slow wielding, warmup strikes, no jewellery
a: Invent Gizmo, Renounce Religion, Berserk, Trog's Hand


You were on level 2 of the Dungeon.
You worshipped Trog.
Trog was pleased with you.
You visited 1 branch of the dungeon, and saw 2 of its levels.

You collected 76 gold pieces.

Inventory:

Hand Weapons
 a - a +0 falchion (weapon) {Anacleto}
 c - a +0 dagger (offhand) {Ingrid}
Missiles
 d - 5 javelins (quivered)
Armour
 b - a +0 animal skin
 e - a +0 ring mail (worn)
Wands
 n - a wand of paralysis (13)
 p - a wand of flame (19)
Scrolls
 f - a scroll of immolation {unknown}
 h - a scroll of identify {unknown}
 j - 2 scrolls of teleportation {unknown}
 k - a scroll of brand weapon {unknown}
 l - a scroll of revelation {unknown}
 o - a scroll of enchant armour {unknown}
Potions
 g - a potion of resistance {unknown}
 i - 3 potions of heal wounds {unknown}
 m - a potion of invisibility {unknown}
 q - a potion of lignification {unknown}


   Skills:
 - Level 3.0 Fighting
 + Level 4.6 Long Blades
 - Level 1.7 Armour
 - Level 1.7 Dodging


You had 2 spell levels left.
You didn't know any spells.
Your spell library was empty.

Dungeon Overview and Level Annotations

Branches:
Dungeon (2/15)

Altars:


Innate Abilities, Weirdness & Mutations

You can wield a second weapon in your off-hand.
It takes a long time for you to wield or remove held weapons.
Your first few attacks do less damage.
You cannot equip rings or amulets.


Message History

You are too injured to fight recklessly!
You are too injured to fight recklessly!
You are too injured to fight recklessly!
You are too injured to fight recklessly!
You are too injured to fight recklessly!
You are too injured to fight recklessly!
You are too injured to fight recklessly!
You are too injured to fight recklessly!
You are too injured to fight recklessly!
You are too injured to fight recklessly!
You are too injured to fight recklessly!
Unknown command.
The gnoll closely misses you. The gnoll attacks as it pursues you!
The gnoll hits you from afar with a +0 spear.
* * * LOW HITPOINT WARNING * * *
You see here a +0 dagger.
The gnoll attacks as it pursues you! The gnoll hits you but does no damage.
The gnoll attacks as it pursues you! The gnoll hits you with a +0 club.
* * * LOW HITPOINT WARNING * * *
The gnoll attacks as it pursues you! The gnoll hits you with a +0 club.
* * * LOW HITPOINT WARNING * * *
The gnoll attacks as it pursues you! The gnoll barely misses you.
You hit the gnoll with your +0 falchion.
The gnoll is heavily wounded.
You hit the gnoll with your +0 dagger. The gnoll closely misses you.
You completely miss the gnoll with your +0 falchion.
The gnoll is heavily wounded.
You hit the gnoll with your +0 dagger. The gnoll hits you with a +0 club.
* * * LOW HITPOINT WARNING * * *
The gnoll attacks as it pursues you! The gnoll closely misses you.
Throw: 6 javelins
Press: ? - help, Q - select action, (/) - cycle Shift-Dir - straight line, f - gnoll
Aim: a gnoll, wielding a +0 spear (60% to hit)
You throw a javelin. The javelin barely misses the gnoll.
The javelin pierces through the gnoll.
The gnoll is almost dead.
The javelin pierces through the gnoll.
The gnoll is lightly wounded.
The gnoll hits you with a +0 club!
You die...

###..(.##########......#...
##'### #......+... #.#
#......#... ####.### ######
#......# #g...###########
#†###### #.##.#..g..)....
#...# #g##.#)#.#######
#.#.#######g##.g........
#.#.....†.@.####.#.##.##
#.#########.# #.#.# # ###
#.# #.#.. ### #.#### #.#
#.. .#


You could see 3 gnolls.

Vanquished Creatures
  An adder (D:2)
  9 ball pythons
  7 endoplasms
  3 giant cockroaches (D:2)
  A goblin (D:1)
  6 hobgoblins
  3 quokkas
  2 bats (D:1)
  4 frilled lizards
  A kobold (D:1)
  A rat (D:1)
38 creatures vanquished.

Notes
Turn   | Place    | Note
-------+----------+-------------------------------------------
     0 | D:1      | Heh the Coglin Berserker began the quest for the Orb.
     0 | D:1      | Reached XP level 1. HP: 18/18 MP: 1/1
   130 | D:1      | Reached XP level 2. HP: 24/24 MP: 2/2
   492 | D:1      | Reached ** piety under Trog
   493 | D:1      | Reached skill level 4 in Long Blades
   698 | D:1      | Reached XP level 3. HP: 29/29 MP: 3/3
  1259 | D:2      | Slain by a gnoll

Illustrated notes

Levels and vault maps discovered:
D:1:      minmay_arrival_plants_in_alcoves, layout_basic
D:2:      layout_basic

Skill      XL: |  1  2 |
---------------+-------+-----
Long Blades    | 4 |  4.6
Fighting       | |  3.0
Armour         | |  1.7
Dodging        | |  1.7

Action                     || total
---------------------------++-------
  Melee: Dagger            ||    70
         Falchion          ||    78
  Throw: Javelin           ||     1
   Stab: Sleeping          ||     1
 Armour: Animal skin       ||     7
         Ring mail         ||    46
  Dodge: Dodged            ||    35

Table legend: (Time is in decaauts)
 A = Elapsed time spent in this place.
 B = Non-inter-level travel time spent in this place.
 C = Inter-level travel time spent in this place.
 D = Time resting spent in this place.
 E = Time spent auto-exploring this place.
 F = Levels seen in this place.
 G = Mean time per level.
                   A        B        C        D        E       F      G
               +--------+--------+--------+--------+--------+-----+--------+
         Total |   1258 |   1221 |     37 |      0 |    983 |   2 |  629.0 |
       Dungeon |   1258 |   1221 |     37 |      0 |    983 |   2 |  629.0 |
               +--------+--------+--------+--------+--------+-----+--------+

Top non-repeatable levels by time:
     D:1: 786 daAuts
     D:2: 472 daAuts
